 Dungeon Crawl Stone Soup version 0.22-a0-3-g4fa69d9a97 (webtiles) character file.

545046 Kaname the Devastator (level 24, -15/185 HPs)
             Began as a Demonspawn Wizard on Jan 1, 2018.
             Was the Champion of Vehumet.
             Killed from afar by a lich (49 damage)
             ... with a crystal spear
             ... on level 5 of the Vaults.
             The game lasted 07:47:05 (79676 turns).

Kaname the Devastator (Demonspawn Wizard)          Turns: 79676, Time: 07:47:05

Health: -15/185    AC: 17    Str: 16    XL:     24   Next: 87%
Magic:  20/59      EV: 17    Int: 37    God:    Vehumet [******]
Gold:   2913       SH: 15    Dex: 18    Spells: 7/51 levels left

rFire    + + +     SeeInvis .   b - +5 dagger of Starshine {flame, rC+ MP+9 Int+4 Dex+5}
rCold    + + +     Gourm    .   y - +3 shield of Widd {rElec rF++ Int+6}
rNeg     . . .     Faith    +   g - +2 faerie dragon scales {rElec rCorr Slay+3 Stlth+}
rPois    +         Spirit   .   z - +0 hat {MR+}
rElec    +         Reflect  .   k - +1 cloak {rC+}
rCorr    +         Harm     .   (gloves unavailable)
MR       ++...                  G - +4 pair of boots of Dogmatism {rPois rF+ Slay+2}
Stlth    ++++++++..             u - amulet of faith
HPRegen  0.40/turn              K - ring of Nyril {Str+5 Slay+3}
MPRegen  0.36/turn              l - ring of magical power

@: heavily drained
A: claws 3, cold resistance 1, demonic guardian 2, nightstalker 3, passive
freeze, freezing cloud immunity, sturdy frame 3
}: 3/15 runes: barnacled, silver, gossamer
a: Renounce Religion


You were on level 5 of the Vaults.
You worshipped Vehumet.
Vehumet was exalted by your worship.
You were not hungry.

You visited 9 branches of the dungeon, and saw 43 of its levels.
You also visited: Bailey, Ice Cave and Volcano.

You collected 5734 gold pieces.
You spent 2821 gold pieces at shops.

Inventory:

Hand Weapons
 b - the +5 dagger of Starshine (weapon) {flame, rC+ MP+9 Int+4 Dex+5}
   (You found it on level 6 of the Lair of Beasts)

   It has been specially enchanted to burn those struck by it, causing extra
   injury to most foes and up to half again as much damage against particularly
   susceptible opponents.
   It affects your intelligence (+4).
   It affects your dexterity (+5).
   It protects you from cold.
   It affects your magic capacity (+9).
 t - the +3 quick blade "Erise" {pierce, rElec rPois rC+ MR+}
   (You acquired it on level 8 of the Dungeon)

   It inflicts extra damage upon your enemies.
   It protects you from cold.
   It insulates you from electricity.
   It protects you from poison.
   It affects your resistance to hostile enchantments.
Missiles
 o - 5 throwing nets (quivered)
Armour
 g - the +2 faerie dragon scales (worn) {rElec rCorr Slay+3 Stlth+}
   (You took it off the Enchantress on level 4 of the Depths)

   It affects your accuracy and damage with ranged weapons and melee attacks
   (+3).
   It insulates you from electricity.
   It protects you from acid and corrosion.
   It makes you more stealthy.
 k - a +1 cloak of cold resistance (worn)
 y - the +3 shield of Widd (worn) {rElec rF++ Int+6}
   (You found it on level 1 of the Spider Nest)

   It affects your intelligence (+6).
   It greatly protects you from fire.
   It insulates you from electricity.
 z - a +0 hat of magic resistance (worn)
 G - the +4 pair of boots of Dogmatism (worn) {rPois rF+ Slay+2}
   (You acquired it on level 8 of the Dungeon)

   It affects your accuracy and damage with ranged weapons and melee attacks
   (+2).
   It protects you from fire.
   It protects you from poison.
Jewellery
 l - a ring of magical power (right claw)
 r - an uncursed ring of wizardry
 u - an amulet of faith (around neck)
 K - the ring of Nyril (left claw) {Str+5 Slay+3}
   (You took it off a fire giant on level 3 of the Depths)

   [ring of strength]

   It affects your strength (+5).
   It affects your accuracy and damage with ranged weapons and melee attacks
   (+3).
 N - the ring "Kuxogal" {+Fly rF+}
   (You took it off a vampire knight on level 3 of the Depths)

   [ring of protection from fire]

   It protects you from fire.
   It lets you fly.
 R - an uncursed amulet of regeneration
Wands
 f - a wand of digging (28)
 i - a wand of scattershot (8)
 m - a wand of disintegration (44)
 n - a wand of paralysis (58)
 C - a wand of iceblast (11)
 L - a wand of polymorph (42)
 T - a wand of enslavement (15)
Scrolls
 c - 2 scrolls of amnesia
 p - 5 scrolls of fog
 q - 12 scrolls of teleportation
 x - 11 scrolls of enchant weapon
 B - 10 scrolls of enchant armour
 D - 2 scrolls of immolation
 E - 17 scrolls of remove curse
 I - a scroll of fear
 U - 2 scrolls of vulnerability
 V - 5 scrolls of brand weapon
 Y - 6 scrolls of magic mapping
Potions
 a - 5 potions of brilliance
 e - 7 potions of mutation
 h - 4 potions of haste
 j - 3 potions of flight
 s - 12 potions of might
 v - a potion of heal wounds
 w - 4 potions of berserk rage
 A - 3 potions of cancellation
 F - 2 potions of ambrosia
 J - 3 potions of invisibility
 O - 4 potions of lignification
 P - 2 potions of agility
 X - 4 potions of resistance
 Z - 5 potions of curing
Books
 H - a book of Burglary

   Spells                             Type                      Level
   a - Swiftness                      Charms/Air                   2
   b - Passwall                       Transmutation/Earth          2
   c - Passage of Golubria            Translocation                4
   d - Lee's Rapid Deconstruction     Earth                        5
   e - Darkness                       Hexes                        6
   f - Invisibility                   Hexes                        6
 M - a book of Enchantments

   Spells                             Type                      Level
   a - Cause Fear                     Hexes                        4
   b - Yara's Violent Unravelling     Hexes/Transmutation          5
   c - Silence                        Hexes/Air                    5
   d - Deflect Missiles               Charms/Air                   6
   e - Discord                        Hexes                        8
Miscellaneous
 S - a crystal ball of energy
Comestibles
 d - 38 rations
 Q - 7 chunks of flesh


   Skills:
 - Level 14.0(12.0) Fighting
 - Level 10.0(8.2) Short Blades
 - Level 10.0(8.2) Armour
 - Level 10.0(8.2) Dodging
 - Level 12.0(10.2) Stealth
 + Level 11.7(9.9) Shields
 - Level 14.0(12.0) Spellcasting
 - Level 20.0(17.8) Conjurations
 * Level 12.9(11.0) Hexes
 - Level 10.0(8.3) Summonings
 - Level 2.0(0.6) Translocations
 - Level 12.1(10.2) Fire Magic
 - Level 8.0(6.3) Ice Magic
 - Level 12.0(10.1) Air Magic
 - Level 6.0(4.4) Earth Magic
   Level 6.0(4.4) Poison Magic


You had 7 spell levels left.
You knew the following spells:

 Your Spells              Type           Power        Failure   Level  Hunger
a - Bolt of Draining      Conj/Necr      ######....   1%          5    None
b - Blink                 Tloc           N/A          4%          2    None
c - Conjure Ball Lightni  Conj/Air       #######...   1%          6    ###....
d - Discord               Hex            #######...   93%         8    ######.
e - Lee's Rapid Deconstr  Erth           ######....   4%          5    None
f - Spellforged Servitor  Conj/Summ      #######...   3%          7    #####..
g - Fireball              Conj/Fire      #######...   1%          5    None
h - Freezing Cloud        Conj/Ice/Air   #######...   1%          6    ###....


Dungeon Overview and Level Annotations

Branches:
Dungeon (15/15)            Temple (0/1) D:7            Lair (6/6) D:10
 Shoals (4/4) Lair:2       Spider (4/4) Lair:3        Slime (1/5) Lair:5
    Orc (2/2) D:12            Elf (1/3) Orc:2        Vaults (5/5) D:14
  Crypt (0/3) Vaults:2     Depths (5/5) D:15            Zot (0/5) Depths:5

Altars:
Ashenzari
Cheibriados
Dithmenos
Fedhas
Gozag
Kikubaaqudgha
Makhleb
Nemelex Xobeh
Okawaru
Ru
Sif Muna
Vehumet
Wu Jian
Xom
Yredelemnul
Zin
The Shining One
Beogh

Shops:
D:10 !   D:12 !   D:14 :   D:15 (*(?   Orc:1 (   Orc:2 ?(??   Vaults:1 :
Vaults:3 [*?*   Depths:4 (}=}

Portals:
Hell: Depths:1 Depths:2 Depths:3 Depths:4 Depths:5
Abyss: Depths:4
Pandemonium: Depths:2 Depths:3
Ziggurat: Depths:5
Trove: Depths:2 (give 6 potions of agility)

Annotations:
D:8 1 runed door
Orc:2 2 runed doors, exclusion: orange crystal statue


Innate Abilities, Weirdness & Mutations

You have claws for hands.
Your flesh is cold resistant. (rC+)
A demonic guardian rushes to your aid.
You are completely attuned to the shadows.
A frigid envelope surrounds you and freezes all who hurt you.
You are immune to freezing clouds.
Your movements are significantly less encumbered by armour. (ER -6)


Message History

The vault warden is almost dead.
You feel yourself slow down.
You hit the vault warden but do no damage.
The vault warden is almost dead.
The vault warden closely misses you.
Casting: Bolt of Draining
Confirm with . or Enter, or press ? or * to list all spells.
Aiming: Bolt of Draining
Press: ? - help, Shift-Dir - straight line, f/p - vault warden
Aim: a vault warden, wielding a dire flail of protection and wearing a plate armour (almost dead, lightly drained)
The bolt of negative energy hits the vault warden.
The vault warden is drained!
You kill the vault warden!
Vehumet accepts your kill.
You feel your power returning.
Things that are here:
a dire flail of protection; a plate armour; a human corpse The lich casts a spell at you.
The crystal spear hits you!
You die...

.... #.....#..# ....
##...##..# #..##
##.###..#
###.)###...##..#
##(##)[#.....#..# ###.
##.[}##).....##..#
.#..##..}##)))...###..#
...##:.:.#)).))...##..#
..##.[:.==.#)...@3.#..#
.##.....)(###.....##..#
..##.##))## ##.)L###..#
#..###))).###.....##..#
##).#)..)..#.......#..#
#...........).....##..#
...........(.....###..#
....)......(......##..#
...#...#.(.#...#...#..#


You could see a lich and a friendly smoke demon (wandering).

Vanquished Creatures
  Mennas (Vaults:2)
  Boris (Vaults:2)
  Margery (Depths:3)
  3 caustic shrikes
  2 golden dragons
  Jory (Depths:3)
  4 liches
  A tentacled monstrosity (Vaults:5)
  7 titans
  2 krakens (Shoals:1)
  3 sphinxes
  A quicksilver dragon (Depths:3)
  12 tengu reavers
  2 storm dragons
  3 shadow dragons
  Ilsuiw (Shoals:4)
  3 deep elf sorcerers
  8 fire giants
  A draconian knight (Depths:5)
  Aizul (Depths:2)
  24 vault wardens
  9 frost giants
  3 ghost moths
  An orc warlord (Bailey)
  5 iron dragons
  5 emperor scorpions (Spider:4)
  A draconian annihilator (Depths:5)
  A spriggan defender (Depths:5)
  18 ironheart preservers
  2 war gargoyles
  21 stone giants
  25 very ugly things
  4 entropy weavers
  2 vampire knights
  2 black draconians (Depths:5)
  A dire elephant (Lair:6)
  2 deep elf demonologists
  4 deep elf annihilators
  A green draconian (Depths:5)
  2 red draconians
  2 spark wasps
  4 merfolk javelineers (Shoals:4)
  The ghost of Zigma the Grappler, a journeyman DrMo of Ashenzari (D:12)
  8 fire dragons
  A crystal guardian (Vaults:3)
  10 ettins
  A large abomination (Vaults:4)
  8 merfolk impalers
  4 deep elf death magi
  Fannar (D:11)
  38 vault guards
  A deep elf high priest (Depths:4)
  14 yaktaur captains
  2 jiangshi
  12 great orbs of eyes
  4 hydras
  4 rakshasas
  2 alligator snapping turtles
  8 ice dragons
  A spriggan air mage (Depths:5)
  7 centaur warriors
  2 merfolk aquamancers (Shoals:4)
  A merfolk avatar (Shoals:1)
  27 ogre magi
  2 death knights
  3 death yaks (Lair:6)
  66 two-headed ogres
  11 deep troll shamans
  A dancing weapon (Vaults:5)
  A satyr (Shoals:4)
  An alligator (Shoals:1)
  12 deep troll earth magi
  Urug (D:14)
  2 vampire magi
  8 tengu warriors
  An orc high priest (Depths:3)
  5 spriggan berserkers
  2 storm dragon zombies (Vaults:4)
  17 deep elf knights
  10 hell knights
  Sonja (D:14)
  9 skeletal warriors
  6 iron trolls
  4 shadow wraiths
  15 deep elf archers
  3 unseen horrors
  9 sea snakes
  A death drake (Vaults:1)
  4 wizards
  17 ironbrand convokers
  39 deep trolls
  3 flayed ghosts
  25 harpies
  14 orc knights
  6 phantasmal warriors
  A mana viper (Vaults:1)
  A tengu zombie (Vaults:4)
  37 wolf spiders
  6 necromancers
  A fire giant zombie (D:15)
  2 orc sorcerers
  6 cyclopes
  15 manticores
  2 moths of wrath
  42 ugly things
  12 orb spiders
  2 oklob plants (Lair:6)
  39 slime creatures
  33 deep elf magi
  2 fire giant skeletons
  3 fauns
  An elephant (shapeshifter) (Vaults:3)
  9 merfolk sirens
  An ice statue (IceCv)
  A stone giant skeleton (Vaults:5)
  8 black mambas
  7 elephants
  2 centaur zombies (D:13)
  A frost giant skeleton (Vaults:4)
  A naga mage (Vaults:1)
  19 vault sentinels
  11 spiny frogs
  7 water nymphs
  2 torpor snails
  An elf skeleton (Vaults:5)
  A black mamba (shapeshifter) (Vaults:5)
  2 kobold demonologists (D:13)
  8 komodo dragons
  45 yaktaurs
  A komodo dragon (shapeshifter) (Vaults:4)
  13 demonic crawlers
  A rime drake (Lair:4)
  6 freezing wraiths
  A yaktaur skeleton (Vaults:4)
  3 tengu conjurers
  35 jumping spiders
  25 merfolk
  A queen bee (shapeshifter) (Depths:4)
  8 trolls
  A polar bear (shapeshifter) (D:15)
  16 polar bears
  7 wind drakes
  A hornet (shapeshifter) (Vaults:1)
  14 hornets
  A spriggan zombie (D:15)
  6 blink frogs (Lair:6)
  A snapping turtle (shapeshifter) (Vaults:2)
  10 snapping turtles
  7 dream sheep
  12 hippogriffs
  4 air elementals (Depths:5)
  A shadow (D:13)
  6 water elementals
  2 redbacks (shapeshifter)
  80 redbacks
  A vampire (D:15)
  7 wraiths
  3 wyverns
  7 spriggans
  A tarantella (shapeshifter) (Vaults:1)
  27 tarantellas
  A wyvern (shapeshifter) (Depths:5)
  The ghost of WhatIsLove the Skirmisher, an amateur HOFi (D:3)
  A steam dragon (D:12)
  5 basilisks
  6 hogs
  54 yaks
  Eustachio (D:5)
  2 golden eyes (Slime:1)
  A steam dragon (shapeshifter) (Depths:2)
  2 hungry ghosts
  3 humans
  9 wargs
  2 acid dragons
  2 insubstantial wisps (Vaults:1)
  2 soldier ants
  6 water moccasins
  8 porcupines
  A floating eye (shapeshifter) (Depths:4)
  An acid dragon (shapeshifter) (Vaults:4)
  3 floating eyes (Depths:3)
  Duvessa (D:5)
  3 ice beasts
  A swamp drake (D:10)
  4 black bears
  3 sky beasts
  40 orc warriors
  A black bear (shapeshifter) (Vaults:5)
  4 phantoms
  2 eyes of draining
  62 ogres
  18 wolves
  14 boggarts
  22 centaurs
  13 crocodiles
  6 big kobolds
  3 human zombies
  8 bullfrogs
  A water moccasin skeleton (D:7)
  Dowan (D:5)
  2 wyvern skeletons
  6 scorpions
  An orc simulacrum (Vaults:1)
  4 human simulacra
  A killer bee (shapeshifter) (Depths:2)
  9 killer bees
  3 howler monkeys
  A vampire bat (Vaults:1)
  10 electric eels
  A bullfrog zombie (D:8)
  7 crimson imps
  5 jellies
  8 hounds
  A jelly (shapeshifter) (Vaults:5)
  A quasit (D:6)
  13 orc priests
  14 orc wizards
  4 centaur skeletons
  11 human skeletons (Vaults:4)
  10 worker ants
  5 iguanas
  A hound zombie (D:11)
  3 hound skeletons
  A worker ant zombie (D:5)
  14 gnolls
  15 adders
  3 shadow imps
  12 white imps (D:13)
  An ooze (D:3)
  3 adder zombies
  3 adder skeletons
  5 worms
  3 dart slugs
  8 leopard geckos
  69 orcs
  4 ball pythons
  10 bats
  11 giant cockroaches
  26 goblins
  19 hobgoblins
  10 jackals
  5 quokkas
  5 frilled lizards
  2 jackal zombies
  27 kobolds
  A leopard gecko zombie (D:7)
  8 rats
  2 butterflies (Lair:5)
  A fungus (Lair:6)
  2 plants (Lair:6)
  4 tentacles (Shoals:1)
  A withered plant (D:15)
2007 creatures vanquished.

Vanquished Creatures (collateral kills)
  Sojobo (Depths:3)
  Saint Roka (Vaults:5)
  Xtahua (Depths:5)
  2 caustic shrikes
  A golden dragon (Vaults:5)
  the Enchantress (Depths:4)
  Arachne (Spider:2)
  Jorgrun (Shoals:4)
  A tentacled monstrosity (Vaults:5)
  A titan (Vaults:4)
  A sphinx (Depths:3)
  2 tengu reavers
  Kirke (Elf:1)
  An iron dragon (Vaults:5)
  3 vault wardens
  A frost giant (Depths:3)
  An orc warlord (Vaults:4)
  3 emperor scorpions
  2 spriggan defenders (Depths:5)
  5 very ugly things
  A deep elf annihilator (Vaults:3)
  2 entropy weavers
  A vampire knight (Depths:1)
  2 red draconians (Depths:5)
  5 merfolk impalers (Shoals:4)
  A fire dragon (Depths:5)
  A jiangshi (Depths:1)
  An ettin (Depths:4)
  Josephine (D:15)
  A vault guard (Vaults:5)
  A death knight (Vaults:4)
  4 great orbs of eyes
  2 hydras (Lair:6)
  A catoblepas (Lair:6)
  A merfolk avatar (Shoals:4)
  A centaur warrior (Depths:2)
  2 spriggan air magi (Depths:5)
  An alligator snapping turtle (Shoals:4)
  4 two-headed ogres
  A dancing weapon (Elf:1)
  2 deep troll earth magi (Depths:2)
  A deep troll shaman (Depths:2)
  An orc high priest (Depths:3)
  5 death yaks (Lair:6)
  A hell knight (Depths:3)
  A deep elf knight (Vaults:4)
  A shadow wraith (Vaults:3)
  A sea snake (Shoals:4)
  An unseen horror (Vaults:1)
  4 deep trolls
  3 deep elf archers (Vaults:1)
  A glowing orange brain (Vaults:2)
  2 wizards
  2 phantasmal warriors
  An ironbrand convoker (Vaults:3)
  A harpy (Vaults:1)
  An iron dragon zombie (D:15)
  A necromancer (D:15)
  3 deep elf magi (Elf:1)
  2 orb spiders (Spider:1)
  An ugly thing (Depths:2)
  2 wolf spiders (Spider:1)
  An oklob plant (Lair:6)
  A merfolk siren (Shoals:4)
  5 vault sentinels
  3 elephants
  A spiny frog (Lair:6)
  A centaur skeleton (D:11)
  A spiny frog (shapeshifter) (Vaults:3)
  A freezing wraith (Vaults:5)
  A yaktaur (Vaults:4)
  A troll (Vaults:5)
  A polar bear (Lair:6)
  3 jumping spiders (Spider:1)
  8 merfolk
  2 hornets
  2 snapping turtles (Shoals:4)
  An air elemental (Depths:5)
  A spriggan (Depths:5)
  5 redbacks
  A spriggan (shapeshifter) (Vaults:5)
  4 tarantellas (Spider:1)
  2 wraiths
  A golden eye (Slime:1)
  A warg (Vaults:5)
  A tengu skeleton (D:15)
  9 orc warriors
  An ogre (Vaults:3)
  2 wolves (IceCv)
  A crocodile (Lair:6)
  A killer bee (D:7)
  An orc wizard (Vaults:5)
  A worker ant (D:11)
  2 gnolls
  An adder skeleton (D:9)
  3 ball lightnings
  6 orcs
  3 goblins (Bailey)
  2 hobgoblins (Bailey)
  A kobold (D:12)
  A fungus (Lair:3)
187 creatures vanquished.

Vanquished Creatures (others)
  A tengu reaver (Vaults:5)
  2 fire giants
  547 ball lightnings
  A yaktaur (Vaults:5)
  An orc warrior (Vaults:4)
  A human skeleton (Vaults:4)
  29 fungi (Lair:6)
  30 plants
  4 tentacles (Shoals:1)
616 creatures vanquished.

Grand Total: 2810 creatures vanquished

Notes
Turn   | Place    | Note
-------+----------+-------------------------------------------
     0 | D:1      | Kaname the Demonspawn Wizard began the quest for the Orb.
     0 | D:1      | Reached XP level 1. HP: 13/13 MP: 4/4
   220 | D:1      | Reached skill level 2 in Conjurations
   248 | D:1      | Gained mutation: You are slightly more attuned to the shadows. [demonic ancestry]
   248 | D:1      | Reached XP level 2. HP: 8/19 MP: 0/6
   871 | D:1      | Learned a level 2 spell: Blink
   876 | D:1      | Reached skill level 3 in Conjurations
   940 | D:1      | Reached XP level 3. HP: 21/24 MP: 4/7
   945 | D:1      | Reached skill level 1 in Translocations
   967 | D:1      | Learned a level 3 spell: Mephitic Cloud
  1460 | D:2      | Found a shadowy altar of Dithmenos.
  1465 | D:2      | Found a basalt altar of Yredelemnul.
  1489 | D:2      | Found a blossoming altar of Fedhas.
  1530 | D:2      | Reached skill level 1 in Poison Magic
  1689 | D:2      | You fall through a shaft!
  1840 | D:3      | Gained mutation: You have sharp fingernails. [demonic ancestry]
  1840 | D:3      | Reached XP level 4. HP: 30/30 MP: 3/8
  1845 | D:3      | Learned a level 3 spell: Conjure Flame
  1927 | D:3      | Reached skill level 1 in Air Magic
  2110 | D:2      | Found a shattered altar of Ashenzari.
  2497 | D:2      | Found a blossoming altar of Fedhas.
  2512 | D:2      | Found a shadowy altar of Dithmenos.
  2623 | D:2      | Found a basalt altar of Yredelemnul.
  2674 | D:2      | Found a shattered altar of Ashenzari.
  3197 | D:3      | Found a shimmering altar of Xom.
  3199 | D:3      | Found an opulent altar of Gozag.
  3202 | D:3      | Reached skill level 4 in Conjurations
  3496 | D:3      | Reached skill level 1 in Fire Magic
  3741 | D:3      | Noticed WhatIsLove's ghost (amateur HOFi)
  3767 | D:3      | Killed WhatIsLove's ghost
  3767 | D:3      | Reached skill level 5 in Conjurations
  3767 | D:3      | Gained mutation: Your movements are slightly less encumbered by armour. (ER -2) [demonic ancestry]
  3767 | D:3      | Reached XP level 5. HP: 35/35 MP: 2/9
  3767 | D:3      | Gained mutation: Your movements are less encumbered by armour. (ER -4) [demonic ancestry]
  3767 | D:3      | Reached XP level 6. HP: 41/41 MP: 2/10
  4248 | D:4      | Reached skill level 6 in Conjurations
  4599 | D:5      | Entered Level 5 of the Dungeon
  4641 | D:5      | Noticed Duvessa
  4659 | D:5      | Noticed Dowan
  4718 | D:5      | Reached XP level 7. HP: 26/46 MP: 11/11
  4862 | D:5      | Killed Dowan
  5032 | D:5      | Killed Duvessa
  5099 | D:5      | Noticed Eustachio
  5123 | D:5      | Killed Eustachio
  5284 | D:5      | Found a glowing silver altar of Zin.
  5287 | D:5      | Found a radiant altar of Vehumet.
  5298 | D:5      | Reached skill level 7 in Conjurations
  5475 | D:5      | Became a worshipper of Vehumet
  5484 | D:5      | Found an ornate altar of the Wu Jian Council.
  5613 | D:5      | Found an iron altar of Okawaru.
  5725 | D:5      | Reached XP level 8. HP: 32/52 MP: 13/13
  5939 | D:5      | Found a burning altar of Makhleb.
  6150 | D:6      | Found a glowing golden altar of the Shining One.
  7051 | D:6      | Reached skill level 8 in Conjurations
  7275 | D:6      | Reached * piety under Vehumet
  7275 | D:6      | Offered knowledge of Sting by Vehumet.
  7944 | D:7      | Reached skill level 5 in Poison Magic
  8046 | D:7      | Gained mutation: A weak demonic guardian rushes to your aid. [demonic ancestry]
  8046 | D:7      | Reached XP level 9. HP: 52/57 MP: 1/15
  8103 | D:7      | Found a flagged portal.
  8181 | Bailey   | Entered a bailey
  8200 | Bailey   | Offered knowledge of Sandblast by Vehumet.
  8206 | Bailey   | Reached ** piety under Vehumet
  8314 | Bailey   | Reached skill level 9 in Conjurations
  8326 | Bailey   | Reached skill level 1 in Fighting
  8476 | Bailey   | Offered knowledge of Searing Ray by Vehumet.
  8682 | Bailey   | Reached *** piety under Vehumet
  8981 | Bailey   | Offered knowledge of Airstrike by Vehumet.
  9332 | Bailey   | Noticed an orc warlord
  9436 | Bailey   | Noticed an orc knight
  9464 | Bailey   | Killed an orc knight
  9472 | Bailey   | Learned a level 4 spell: Airstrike
  9571 | Bailey   | Learned a level 5 spell: Venom Bolt
  9681 | Bailey   | Killed an orc warlord
  9681 | Bailey   | Reached XP level 10. HP: 72/72 MP: 5/16
  9831 | D:7      | Reached **** piety under Vehumet
  9947 | D:7      | Found a snail-covered altar of Cheibriados.
 10019 | D:7      | Reached skill level 1 in Short Blades
 10040 | D:7      | Offered knowledge of Inner Flame by Vehumet.
 10244 | D:7      | Found a staircase to the Ecumenical Temple.
 10407 | D:8      | Found a runed door.
 10548 | D:8      | Identified 2 scrolls of acquirement
 10550 | D:8      | Got a pair of faintly glowing boots
 10557 | D:8      | Identified the +4 pair of boots of Dogmatism {rPois rF+ Slay+2} (You acquired it on level 8 of the Dungeon)
 10560 | D:8      | Got a transparent quick blade
 10561 | D:8      | Identified the +3 quick blade "Erise" {pierce, rElec rPois rC+ MR+} (You acquired it on level 8 of the Dungeon)
 10663 | D:8      | Reached skill level 10 in Conjurations
 10812 | D:8      | Found an iron altar of Okawaru.
 10889 | D:8      | Noticed a sixfirhy
 11321 | D:9      | Reached ***** piety under Vehumet
 11353 | D:9      | Offered knowledge of Spellforged Servitor by Vehumet.
 11353 | D:9      | Reached skill level 5 in Spellcasting
 11463 | D:9      | Noticed a two-headed ogre
 11467 | D:9      | Killed a two-headed ogre
 11467 | D:9      | Reached XP level 11. HP: 77/77 MP: 6/19
 11667 | D:10     | Entered Level 10 of the Dungeon
 11667 | D:10     | Noticed a green ugly thing
 12056 | D:10     | Killed a green ugly thing
 12309 | D:10     | Learned a level 7 spell: Spellforged Servitor
 12317 | D:10     | Noticed a two-headed ogre
 12321 | D:10     | Killed a two-headed ogre
 12441 | D:10     | Found a staircase to the Lair.
 12747 | D:10     | Reached skill level 11 in Conjurations
 12753 | D:10     | Reached skill level 5 in Short Blades
 12906 | D:10     | Found Nevuemu's Distillery.
 12918 | D:10     | Offered knowledge of Freezing Cloud by Vehumet.
 12920 | D:10     | Bought a potion of heal wounds for 70 gold pieces
 12920 | D:10     | Bought a potion of haste for 140 gold pieces
 12920 | D:10     | Bought a potion of invisibility for 112 gold pieces
 12920 | D:10     | Bought a potion of curing for 42 gold pieces
 13396 | D:11     | Noticed Fannar
 13405 | D:11     | Killed Fannar
 14245 | D:12     | Found a staircase to the Orcish Mines.
 14259 | D:12     | Noticed a six-headed hydra
 14302 | D:12     | Noticed a two-headed ogre
 14309 | D:12     | Killed a two-headed ogre
 14309 | D:12     | Gained mutation: Your movements are significantly less encumbered by armour. (ER -6) [demonic ancestry]
 14309 | D:12     | Reached XP level 12. HP: 38/83 MP: 16/24
 14406 | D:12     | Offered knowledge of Fireball by Vehumet.
 14419 | D:12     | Learned a level 5 spell: Fireball
 14532 | D:12     | Found Muboogass's Distillery.
 14540 | D:12     | Bought a potion of curing for 33 gold pieces
 14540 | D:12     | Bought a potion of haste for 110 gold pieces
 14702 | D:12     | Noticed Zigma's ghost (journeyman DrMo)
 14787 | D:12     | Killed Zigma's ghost
 14787 | D:12     | Reached skill level 5 in Fire Magic
 15164 | D:12     | Found a staircase to the Orcish Mines.
 15289 | D:12     | Killed a six-headed hydra
 15545 | Orc:1    | Entered Level 1 of the Orcish Mines
 15950 | Orc:2    | Entered Level 2 of the Orcish Mines
 15953 | Orc:2    | Found a staircase to the Elven Halls.
 16184 | Orc:2    | Noticed a two-headed ogre
 16189 | Orc:2    | Killed a two-headed ogre
 16294 | Orc:2    | Noticed a two-headed ogre
 16301 | Orc:2    | Noticed a two-headed ogre
 16307 | Orc:2    | Killed a two-headed ogre
 16308 | Orc:2    | Killed a two-headed ogre
 16375 | Orc:2    | Noticed an ogre mage
 16379 | Orc:2    | Noticed a two-headed ogre
 16383 | Orc:2    | Killed a two-headed ogre
 16383 | Orc:2    | Reached skill level 5 in Summonings
 16383 | Orc:2    | Killed an ogre mage
 16386 | Orc:2    | Noticed a two-headed ogre
 16390 | Orc:2    | Killed a two-headed ogre
 16390 | Orc:2    | Reached skill level 5 in Stealth
 16393 | Orc:2    | Noticed a two-headed ogre
 16402 | Orc:2    | Noticed a two-headed ogre
 16424 | Orc:2    | Killed a two-headed ogre
 16427 | Orc:1    | Found a roughly hewn altar of Beogh.
 16731 | Orc:1    | Found Jigrimp's Antique Weapon Shop.
 16831 | Orc:2    | Noticed an ogre mage
 16831 | Orc:2    | Killed a two-headed ogre
 16842 | Orc:2    | Killed an ogre mage
 16842 | Orc:2    | Reached XP level 13. HP: 69/88 MP: 6/25
 17324 | Orc:2    | Offered knowledge of Ozocubu's Refrigeration by Vehumet.
 17677 | Orc:2    | Found Wigekh's Magic Scroll Shoppe.
 17677 | Orc:2    | Found Dydwun's Magic Scroll Shop.
 17678 | Orc:2    | Found Xomuirghe's Magic Scroll Boutique.
 17678 | Orc:2    | Found Culyive's Weapon Shoppe.
 17684 | Orc:2    | Bought a scroll of identify for 34 gold pieces
 17684 | Orc:2    | Bought a scroll of identify for 34 gold pieces
 17684 | Orc:2    | Bought a scroll of teleportation for 51 gold pieces
 17684 | Orc:2    | Bought a scroll of enchant armour for 127 gold pieces
 17684 | Orc:2    | Bought a scroll of identify for 34 gold pieces
 17688 | Orc:2    | Bought 3 scrolls of teleportation for 126 gold pieces
 17688 | Orc:2    | Bought a scroll of identify for 28 gold pieces
 17688 | Orc:2    | Bought a scroll of teleportation for 42 gold pieces
 17688 | Orc:2    | Bought a scroll of identify for 28 gold pieces
 17691 | Orc:2    | Bought a scroll of identify for 24 gold pieces
 17691 | Orc:2    | Bought a scroll of teleportation for 36 gold pieces
 17850 | Orc:2    | Found a runed door.
 17898 | Orc:2    | Found a runed door.
 17913 | Orc:2    | Found the +10 large shield of Ignorance {rN+ Int-4}
 18569 | Lair:1   | Entered Level 1 of the Lair of Beasts
 18912 | Lair:1   | Reached skill level 10 in Summonings
 19081 | Lair:1   | Got a transparent trident
 19082 | Lair:1   | Identified the +2 trident "Degoer" {pierce, rPois Str+2} (You found it on level 1 of the Lair of Beasts)
 19592 | Lair:2   | Found a dark tunnel.
 19941 | Volcano  | Entered a volcano
 19958 | Volcano  | Reached skill level 5 in Fighting
 20108 | Volcano  | Noticed a red draconian
 20248 | Volcano  | Killed a red draconian
 20471 | Lair:2   | Found a staircase to the Shoals.
 20878 | Lair:2   | Gained mutation: A demonic guardian rushes to your aid. [demonic ancestry]
 20878 | Lair:2   | Reached XP level 14. HP: 103/103 MP: 16/26
 21134 | Lair:2   | You fall through a shaft for 2 floors!
 21199 | Lair:4   | You fall through a shaft!
 22428 | Lair:3   | Found a hole to the Spider Nest.
 22620 | Lair:3   | Offered knowledge of Conjure Ball Lightning by Vehumet.
 23617 | Lair:5   | Learned a level 6 spell: Conjure Ball Lightning
 23665 | Lair:5   | Found a staircase to the Slime Pits.
 24218 | Lair:5   | Found a staircase to the Slime Pits.
 24664 | Lair:6   | Entered Level 6 of the Lair of Beasts
 24664 | Lair:6   | Found an opulent altar of Gozag.
 25179 | Lair:6   | Reached skill level 10 in Stealth
 25218 | Lair:6   | Reached skill level 10 in Fighting
 25318 | Lair:6   | Reached skill level 1 in Armour
 25718 | Lair:6   | Reached skill level 5 in Air Magic
 26243 | Lair:6   | Offered knowledge of Bolt of Fire by Vehumet.
 26579 | Lair:6   | Reached skill level 5 in Armour
 26677 | Lair:6   | Gained mutation: You have very sharp fingernails. [demonic ancestry]
 26677 | Lair:6   | Reached XP level 15. HP: 115/115 MP: 4/27
 27228 | Lair:6   | Got a warped leather armour
 27240 | Lair:6   | Identified the +1 leather armour of the Spheres {Str+4} (You found it on level 6 of the Lair of Beasts)
 27252 | Lair:6   | Got a bone dagger
 27253 | Lair:6   | Identified the +5 dagger of Starshine {flame, rC+ MP+9 Int+4 Dex+5} (You found it on level 6 of the Lair of Beasts)
 28039 | D:13     | Found a frozen archway.
 28128 | IceCv    | Entered an ice cave
 29098 | IceCv    | Noticed a frost giant
 29118 | IceCv    | Killed a frost giant
 30074 | D:13     | Reached skill level 12 in Conjurations
 30143 | D:14     | Reached ****** piety under Vehumet
 30156 | D:14     | Offered knowledge of Bolt of Cold by Vehumet.
 30172 | D:14     | Killed Sonja
 30471 | D:14     | Found Fira's Book Emporium.
 30930 | D:14     | Noticed Urug
 30946 | D:14     | Killed Urug
 31408 | D:14     | Found a gate to the Vaults.
 31529 | D:15     | Entered Level 15 of the Dungeon
 31965 | D:15     | Reached skill level 10 in Short Blades
 32027 | D:15     | Found Xieli's Assorted Antiques.
 32034 | D:15     | Bought a potion of heal wounds for 140 gold pieces
 32034 | D:15     | Bought a potion of heal wounds for 140 gold pieces
 32097 | D:15     | Found Yhiov's Antique Weapon Shop.
 32110 | D:15     | Found Newurext's Magic Scroll Shop.
 32117 | D:15     | Bought a scroll of magic mapping for 66 gold pieces
 32543 | D:15     | Found Ludink's Weapon Boutique.
 32543 | D:15     | Found a staircase to the Depths.
 32732 | D:15     | Found a blossoming altar of Fedhas.
 32875 | D:15     | Offered knowledge of Fire Storm by Vehumet.
 32875 | D:15     | Offered knowledge of Glaciate by Vehumet.
 32875 | D:15     | Offered knowledge of Chain Lightning by Vehumet.
 32875 | D:15     | Reached skill level 5 in Dodging
 32875 | D:15     | Gained mutation: Your flesh is cold resistant. (rC+) [demonic ancestry]
 32875 | D:15     | Reached XP level 16. HP: 122/122 MP: 25/29
 33154 | D:15     | Noticed Josephine
 33163 | D:15     | Killed Josephine
 33360 | Depths:1 | Entered Level 1 of the Depths
 33498 | Depths:1 | Reached skill level 10 in Spellcasting
 33712 | Elf:1    | Entered Level 1 of the Elven Halls
 33983 | Elf:1    | Noticed Kirke
 34107 | Elf:1    | Killed Kirke
 35285 | Spider:1 | Entered Level 1 of the Spider Nest
 36163 | Spider:1 | Got a translucent shield
 36164 | Spider:1 | Identified the +3 shield of Widd {rElec rF++ Int+6} (You found it on level 1 of the Spider Nest)
 36968 | Spider:2 | Noticed Arachne
 36973 | Spider:1 | Reached skill level 1 in Shields
 38147 | Spider:2 | Killed Arachne
 39181 | Spider:3 | Gained mutation: You are significantly more attuned to the shadows. [demonic ancestry]
 39181 | Spider:3 | Reached XP level 17. HP: 102/128 MP: 7/33
 39309 | Spider:3 | Reached skill level 13 in Conjurations
 41035 | Spider:4 | Entered Level 4 of the Spider Nest
 41587 | Spider:4 | Reached skill level 5 in Shields
 41999 | Spider:4 | Reached skill level 14 in Conjurations
 42628 | D:14     | Bought a book of Death for 1190 gold pieces
 42635 | D:14     | Learned a level 5 spell: Bolt of Draining
 44912 | Spider:4 | Got a gossamer rune of Zot
 45870 | Depths:1 | Reached skill level 15 in Conjurations
 46361 | Shoals:1 | Entered Level 1 of the Shoals
 46479 | Shoals:1 | Noticed a kraken
 47224 | Shoals:1 | Noticed a kraken
 47718 | Shoals:1 | Killed a kraken
 47891 | Shoals:1 | Killed a kraken
 48121 | Shoals:2 | Gained mutation: You are immune to freezing clouds. [demonic ancestry]
 48121 | Shoals:2 | Reached XP level 18. HP: 134/134 MP: 25/34
 50787 | Shoals:4 | Entered Level 4 of the Shoals
 50956 | Shoals:4 | Noticed Ilsuiw
 51006 | Shoals:4 | Killed Ilsuiw
 51011 | Shoals:4 | Noticed Jorgrun
 52472 | Shoals:4 | Killed Jorgrun
 53538 | Shoals:4 | Got a barnacled rune of Zot
 54527 | Slime:1  | Entered Level 1 of the Pits of Slime
 55113 | Depths:1 | Noticed a lich
 55279 | Depths:1 | Killed a lich
 55611 | Depths:1 | Found a gateway to Hell.
 55636 | Depths:1 | Reached skill level 10 in Fire Magic
 56050 | Depths:1 | Reached XP level 19. HP: 138/140 MP: 29/35
 56063 | Depths:1 | Reached skill level 10 in Shields
 57062 | Depths:1 | Found a gateway to Hell.
 58077 | Depths:2 | Reached skill level 10 in Air Magic
 58480 | Depths:2 | Noticed a golden dragon
 58816 | Depths:2 | Paralysed by a wizard for 3 turns
 59477 | Depths:2 | Noticed Aizul
 59488 | Depths:2 | Killed Aizul
 59505 | Depths:2 | Killed a golden dragon
 59626 | Depths:2 | Reached skill level 16 in Conjurations
 60190 | Depths:2 | Found a sparkling altar of Nemelex Xobeh.
 60258 | Depths:2 | Got a jewelled chain mail
 60259 | Depths:2 | Identified the cursed +0 chain mail of the Pleiades {-Cast rN+ Str+2} (You found it on level 2 of the Depths)
 60293 | Depths:2 | Found a portal to a secret trove of treasure.
 60389 | Depths:2 | Found a one-way gate leading to the halls of Pandemonium.
 60782 | Depths:3 | Reached XP level 20. HP: 130/147 MP: 36/36
 60796 | Depths:3 | Noticed Jory
 60925 | Depths:3 | Reached skill level 17 in Conjurations
 60937 | Depths:3 | Learned a level 6 spell: Freezing Cloud
 60949 | Depths:3 | Paralysed by a great orb of eyes for 2 turns
 61109 | Depths:3 | Reached skill level 10 in Dodging
 61125 | Depths:3 | Identified the ring of Benevolence {rC+ MR+} (You found it on level 3 of the Depths)
 61232 | Depths:3 | Found a sacrificial altar of Ru.
 61274 | Depths:3 | Noticed Sojobo
 61642 | Depths:3 | Killed Jory
 62061 | Depths:3 | Noticed Margery
 62228 | Depths:3 | Killed Margery
 62294 | Depths:3 | Reached skill level 18 in Conjurations
 62323 | Depths:3 | Noticed a caustic shrike
 62324 | Depths:3 | Reached skill level 1 in Ice Magic
 62345 | Depths:3 | Paralysed by a floating eye for 4 turns
 62353 | Depths:3 | Paralysed by a floating eye for 3 turns
 62357 | Depths:3 | Paralysed by a floating eye for 2 turns
 62956 | Depths:3 | Found a deep blue altar of Sif Muna.
 62989 | Depths:3 | Got a shimmering wooden ring
 63108 | Depths:3 | Paralysed by a sphinx for 5 turns
 63181 | Depths:3 | Killed a caustic shrike
 63321 | Depths:3 | Killed Sojobo
 63474 | Depths:3 | Reached skill level 5 in Ice Magic
 63596 | Depths:3 | Identified the ring of Nyril {Str+5 Slay+3} (You took it off a fire giant on level 3 of the Depths)
 63686 | Depths:3 | Got a wavering wooden ring
 63723 | Depths:3 | Identified the ring "Kuxogal" {+Fly rF+} (You took it off a vampire knight on level 3 of the Depths)
 64305 | Depths:4 | Found a one-way gate to the infinite horrors of the Abyss.
 64443 | Depths:4 | Gained mutation: You have claws for hands. [demonic ancestry]
 64443 | Depths:4 | Reached XP level 21. HP: 117/153 MP: 37/37
 64601 | Depths:4 | Noticed a caustic shrike
 64609 | Depths:4 | Killed a caustic shrike
 65196 | Depths:4 | Found Ysugug's Weapon Shop.
 65215 | Depths:4 | Found Ciuddoig's Gadget Shop.
 65215 | Depths:4 | Found Bewi's Gadget Shop.
 65216 | Depths:4 | Found Ceorrom's Jewellery Emporium.
 65688 | Depths:4 | Got a steaming pewter ring
 65716 | Depths:4 | Identified the ring of the Hart {rN+ Stlth-} (You took it off a deep elf demonologist on level 4 of the Depths)
 65844 | Depths:5 | Entered Level 5 of the Depths
 66126 | Depths:5 | Reached skill level 10 in Armour
 66377 | Depths:5 | Found a gateway to a ziggurat.
 66648 | Depths:5 | Learned a level 5 spell: Lee's Rapid Deconstruction
 66667 | Depths:5 | Noticed a caustic shrike
 66670 | Depths:5 | Noticed a caustic shrike
 66670 | Depths:5 | Noticed a caustic shrike
 66897 | Depths:5 | Paralysed by the power of Zot for 3 turns
 66951 | Depths:5 | Found a gate to the Realm of Zot.
 66951 | Depths:5 | Noticed Xtahua
 67041 | Depths:5 | Noticed the Enchantress
 67153 | Depths:4 | Killed the Enchantress
 67155 | Depths:4 | Got faerie dragon scales
 67168 | Depths:4 | Identified the +2 faerie dragon scales {rElec rCorr Slay+3 Stlth+} (You took it off the Enchantress on level 4 of the Depths)
 67268 | Depths:5 | Killed a caustic shrike
 67564 | Depths:5 | Killed a caustic shrike
 67565 | Depths:5 | Killed a caustic shrike
 67927 | Depths:5 | Reached skill level 1 in Earth Magic
 68236 | Depths:5 | Paralysed by Xtahua for 5 turns
 68246 | Depths:5 | Killed Xtahua
 68601 | Depths:5 | Reached XP level 22. HP: 116/163 MP: 3/40
 68785 | Depths:5 | Found a burning altar of Makhleb.
 69138 | Vaults:1 | Entered Level 1 of the Vaults
 69172 | Vaults:1 | Reached skill level 5 in Earth Magic
 69907 | Vaults:1 | Learned a level 8 spell: Discord
 70218 | Vaults:1 | Identified Sif Muna's Handbook of Moulding
 70455 | Vaults:1 | Identified the Incunabulum of Envenoming
 70893 | Vaults:1 | Found Genadik's Book Emporium.
 71382 | Vaults:2 | Noticed Boris
 71408 | Vaults:2 | HP: 11/252 [disintegration (47)]
 71414 | Vaults:2 | Killed Boris
 72546 | Vaults:2 | Found a staircase to the Crypt.
 72546 | Vaults:2 | Found an ancient bone altar of Kikubaaqudgha.
 72547 | Vaults:2 | Found a basalt altar of Yredelemnul.
 72575 | Vaults:2 | Noticed Mennas
 72602 | Vaults:2 | Killed Mennas
 72718 | Vaults:2 | Gained mutation: A frigid envelope surrounds you and freezes all who hurt you. [demonic ancestry]
 72718 | Vaults:2 | Reached XP level 23. HP: 106/176 MP: 41/41
 73252 | Vaults:2 | Reached skill level 1 in Hexes
 73621 | Vaults:3 | Found Ukovixt's Armour Shoppe.
 74102 | Vaults:3 | Reached skill level 5 in Hexes
 74247 | Vaults:3 | Found Xyrus's General Store.
 74571 | Vaults:3 | Bought a scroll of teleportation for 45 gold pieces
 74717 | Vaults:3 | Found Medenlie's Magic Scroll Shoppe.
 74723 | Vaults:3 | Bought a scroll of teleportation for 51 gold pieces
 74723 | Vaults:3 | Bought a scroll of amnesia for 59 gold pieces
 74723 | Vaults:3 | Bought a scroll of amnesia for 59 gold pieces
 74764 | Vaults:3 | Found Usemohaor's Assorted Antiques.
 75343 | Vaults:4 | Reached skill level 19 in Conjurations
 76087 | Vaults:4 | Gained mutation: You are completely attuned to the shadows. [demonic ancestry]
 76087 | Vaults:4 | Reached XP level 24. HP: 171/185 MP: 41/41
 77243 | Vaults:5 | Entered Level 5 of the Vaults
 77275 | Vaults:5 | Reached skill level 20 in Conjurations
 77901 | Vaults:5 | Noticed Saint Roka
 78153 | Vaults:5 | Got an iridescent quick blade
 78154 | Vaults:5 | Identified the +0 quick blade of Inconvenience {pierce, rElec rC+ Str+3 Stlth+} (You acquired it on level 5 of the Vaults)
 78243 | Vaults:5 | Reached skill level 10 in Hexes
 78975 | Vaults:5 | Identified Sif Muna's Incunabulum of Mutagenic Conjuration
 78981 | Vaults:5 | Got a silver rune of Zot
 79207 | Vaults:5 | Killed Saint Roka
 79676 | Vaults:5 | Killed from afar by a lich

Vault maps used:
D:1:      dpeg_arrival_water_temple_mockup, minmay_pentomino_x2
D:2:      ashenzari_altar_1, grunt_dithmenos_smoke, overflow_temple_1_default,
          overflow_temple_1_default
D:3:      grunt_temple_overflow_open, first_ration
D:5:      grunt_temple_overflow_cloverleaf, okawaru_gym_becter, uniq_eustachio,
          uniq_duvessa
D:6:      tso_oasis_becter
D:7:      cheibriados_altar_1, temple_fountains, enter_bailey_7, grunt_livestock
D:8:      cheibrodos_shockbox, nicolae_overflow_hidden_temple
D:10:     erik_lair_dragon, serial_shops, nicolae_shop_statue_plus
D:11:     uniq_fannar
D:12:     orc_0_dummy, serial_shops, nicolae_shop_stone
D:13:     portal_ice_cave_entry_imps, hive_lemuel
D:14:     grunt_vaults_entry_fortified, serial_shops, shop, uniq_urug,
          uniq_sonja
D:15:     gammafunk_depths_entry_grave, serial_shops, shop, shop, shop, shop,
          fedhas_altar_1, grunt_ministairs_6, uniq_josephine
Lair:2:   elwin_shoals_entry_stream, lightli_volcano_entry_magma_tube,
          infiniplex_staircase_pool
Lair:3:   nicolae_spider_entry_non_spiders, nicolae_quartered_pool_super,
          ldierk_geyser
Lair:4:   lab_entry_generic
Lair:5:   minmay_slime_entry_pillars, lemuel_fruit_fields
Lair:6:   grunt_lair_end_beastmaster, basic_altar, guppyfry_lair_drakes,
          minmay_lair_oklob_chamber, lemuel_fruit_tree
Shoals:1: nicolae_shoals_siren_and_animal_friends
Shoals:4: shoals_end_simple, shoals_ilsuiw_ice, uniq_jorgrun
Spider:1: nicolae_spider_circle_web, spider_trap, guppyfry_spider_mini_1
Spider:2: spiders_nest_hornet_nest, uniq_arachne
Spider:4: grunt_spider_rune_circles
Orc:1:    serial_shops, shop, basic_altar
Orc:2:    st_orc_ogre_mass, chequers_guarded_unrand_ignorance
Elf:1:    elf_arrival_002, minivault_28, chequers_big_river, uniq_kirke
Vaults:1: nicolae_vaults_hallways_thing, nicolae_vaults_display_case, v_misc_3,
          nicolae_vaults_network_s, hangedman_vaults_slice,
          hangedman_vaults_trim, nicolae_vaults_ring_of_whatevers,
          nicolae_vaults_little_squares_3, hangedman_vaults_maws, serial_shops,
          shop, serial_hangedman_research, hangedman_research_metamorphosis,
          hangedman_research_toxicology
Vaults:2: nicolae_vaults_asterisk, minmay_crypt_entry_necro_gods, v_pattern_4,
          ontoclasm_vaults_shout, hangedman_vaults_impose,
          ontoclasm_vaults_shuriken, nicolae_vaults_what_the_h,
          dpeg_vaults_monster_box, grunt_vaults_funnel,
          nicolae_vaults_network_barrier, uniq_mennas, uniq_boris
Vaults:3: st_octagons_2, ontoclasm_vaults_decontamination,
          nicolae_vaults_mini_display_case, v_misc_5,
          nicolae_vaults_puzzle_piece, hangedman_vaults_river_flow,
          ontoclasm_vaults_idyll, v_misc_23, nicolae_vaults_sealed_display,
          vaults_room_mumra_shop_pool, nicolae_vaults_puzzle_piece,
          serial_shops, shop, nicolae_shop_waterfront, shop
Vaults:4: dpeg_vaults_pockets_of_resistance, ontoclasm_vaults_pinch,
          nicolae_vaults_alarming, nicolae_vaults_network_quinsquares,
          dpeg_vaults_monster_row, vaults_mumra_hex, vaults_room_corners,
          vaults_room_pools, v_misc_10, vaults_room_semicircle,
          vaults_dpeg_hooks
Vaults:5: serial_shops, uniq_saint_roka, uniq_bai_suzhen
Depths:1: kennysheep_big_empty_room, hell_entry, kennysheep_windowed_goal
Depths:2: minmay_expanding_squares, grunt_pan_entry_in_and_out,
          minmay_misc_feat_chi, enter_trove_1, hell_entry,
          nemelex_xobeh_ov_fountains_minmay, uniq_aizul
Depths:3: hangedman_spin_cycle, hell_entry, pan_entry, serial_shops, uniq_jory
Depths:4: minmay_broken_ring, abyss_entry, serial_shops, shop,
          minmay_misc_feat_columns, hell_entry, minmay_shop_grove,
          infiniplex_staircase_hallway_doors
Depths:5: grunt_zot_entry_tricorne, enter_ziggurat_b, hell_entry,
          kennysheep_flooded_box, uniq_enchantress, uniq_xtahua
Bailey:   bailey_axe_minmay_hex_keep, bailey
IceCv:    ice_cave_small_giant
Volcano:  volcano_pools

Skill      XL: |  1  2  3  4  5  6  7  8  9 10 11 12 13 14 15 16 17 18 19 20 21 22 23 24 |
---------------+-------------------------------------------------------------------------+-----
Conjurations   | 2 3 5 6 7 8 9 10 11 12 15 16 18 19 20 | 20.0
Translocations | 1 2 |  2.0
Poison Magic   | 1 3 6 |  6.0
Air Magic      | 1 2 4 5 8 10 11 12 | 12.0
Fire Magic     | 1 2 3 4 6 7 10 12 | 12.1
Spellcasting   | 4 5 8 9 12 14 | 14.0
Fighting       | 4 7 10 11 13 14 | 14.0
Stealth        | 4 5 8 10 12 | 12.0
Dodging        | 4 5 7 9 10 | 10.0
Short Blades   | 3 6 8 10 | 10.0
Summonings     | 2 7 10 | 10.0
Armour         | 5 6 8 10 | 10.0
Shields        | 3 7 9 10 11 | 11.7
Ice Magic      | 6 8 |  8.0
Earth Magic    | 4 6 |  6.0
Hexes          | 7 12 | 12.9

Action                   |  1- 3 |  4- 6 |  7- 9 | 10-12 | 13-15 | 16-18 | 19-21 | 22-24 || total
-------------------------+-------+-------+-------+-------+-------+-------+-------+-------++-------
Melee: Unarmed           |    13 |       |       |       |       |       |       |       ||    13
       Falchion          |     1 |    43 |   173 |       |       |       |       |       ||   217
       Dagger            |       |       |    28 |    74 |   160 |       |   399 |  1050 ||  1711
       Quick blade       |       |       |       |   425 |   526 |   752 |   339 |       ||  2042
 Cast: Magic Dart        |    97 |    89 |   361 |   137 |    34 |       |       |       ||   718
       Conjure Flame     |       |     2 |    18 |    13 |    28 |     5 |     3 |       ||    69
       Blink             |       |     1 |     3 |     6 |    16 |    11 |     6 |    14 ||    57
       Mephitic Cloud    |       |       |    16 |       |       |       |       |       ||    16
       Airstrike         |       |       |     5 |       |       |       |       |       ||     5
       Venom Bolt        |       |       |     4 |   109 |   260 |   518 |    41 |       ||   932
       Fireball          |       |       |       |    30 |   153 |   124 |   104 |   167 ||   578
       Spellforged Servi |       |       |       |       |     3 |    24 |    21 |    12 ||    60
       Conjure Ball Ligh |       |       |       |       |     2 |    12 |    38 |    31 ||    83
       Bolt of Draining  |       |       |       |       |       |   205 |   473 |   409 ||  1087
       Freezing Cloud    |       |       |       |       |       |       |     1 |    31 ||    32
       Lee's Rapid Decon |       |       |       |       |       |       |       |     9 ||     9
Evoke: Wand              |       |     3 |     7 |    29 |     3 |     6 |       |     5 ||    53
  Use: Scroll            |       |     5 |     6 |    11 |    22 |    26 |    27 |    13 ||   110
       Potion            |       |       |     3 |       |       |    21 |    10 |     7 ||    41
 Stab: Sleeping          |       |     2 |     1 |     7 |    29 |    11 |     7 |    20 ||    77
       Confused          |       |       |     2 |       |       |       |       |       ||     2
       Distracted        |       |       |       |     2 |     5 |     1 |     4 |     8 ||    20
       Petrified         |       |       |       |       |     5 |       |       |       ||     5
  Eat: Chunk             |     2 |     6 |    19 |    47 |    92 |    51 |    38 |    30 ||   285
       Ration            |       |     1 |       |     2 |    10 |    24 |     5 |     3 ||    45
Armor: Robe              |     8 |     9 |    36 |       |     5 |       |       |       ||    58
       Leather armour    |       |       |    10 |    62 |       |       |       |       ||    72
       Ring mail         |       |       |     8 |    37 |       |       |       |       ||    45
       Troll leather arm |       |       |       |     7 |   100 |   294 |    91 |       ||   492
       Acid dragon scale |       |       |       |       |       |       |    17 |   185 ||   202
Dodge: Dodged            |    16 |    23 |   128 |   233 |   170 |   432 |   250 |   319 ||  1571
Block: Buckler           |       |       |       |       |       |    14 |       |       ||    14
       Shield            |       |       |       |       |       |   294 |   308 |   485 ||  1087
       Rpst.: Falchion   |       |    10 |    38 |       |       |       |       |       ||    48

Table legend:
 A = Spawn XP
 B = Non-spawn XP
 C = Spawn XP percentage of total XP
 D = Spawn monster count
 E = Non-spawn monster count
 F = Spawn count percentage of total count
 G = Total turns spent on level
                    A         B        C        D         E        F      G
               +---------+---------+-------+---------+---------+-------+---------
         Total |       0 | 1125232 |   0.0 |       0 |    2184 |   0.0 | 79676
               +---------+---------+-------+---------+---------+-------+---------
           D:1 |       0 |      63 |   0.0 |       0 |      28 |   0.0 |  1405
           D:2 |       0 |      64 |   0.0 |       0 |      22 |   0.0 |  1451
           D:3 |       0 |     267 |   0.0 |       0 |      18 |   0.0 |  1087
           D:4 |       0 |     280 |   0.0 |       0 |      13 |   0.0 |   749
           D:5 |       0 |     775 |   0.0 |       0 |      24 |   0.0 |  1399
           D:6 |       0 |     865 |   0.0 |       0 |      22 |   0.0 |  1842
           D:7 |       0 |    2183 |   0.0 |       0 |      37 |   0.0 |   791
           D:8 |       0 |     389 |   0.0 |       0 |       8 |   0.0 |   750
           D:9 |       0 |    2202 |   0.0 |       0 |      27 |   0.0 |   609
          D:10 |       0 |    4358 |   0.0 |       0 |      36 |   0.0 |  2070
          D:11 |       0 |    5556 |   0.0 |       0 |      39 |   0.0 |  1284
          D:12 |       0 |    5909 |   0.0 |       0 |      23 |   0.0 |  1546
          D:13 |       0 |    7737 |   0.0 |       0 |      37 |   0.0 |  1432
          D:14 |       0 |   19025 |   0.0 |       0 |      48 |   0.0 |  1572
          D:15 |       0 |   20058 |   0.0 |       0 |      45 |   0.0 |  2578
        Lair:1 |       0 |    3330 |   0.0 |       0 |      17 |   0.0 |  1199
        Lair:2 |       0 |    4568 |   0.0 |       0 |      17 |   0.0 |  1402
        Lair:3 |       0 |    3282 |   0.0 |       0 |      23 |   0.0 |  1472
        Lair:4 |       0 |    4610 |   0.0 |       0 |      12 |   0.0 |   934
        Lair:5 |       0 |    5113 |   0.0 |       0 |      25 |   0.0 |  2079
        Lair:6 |       0 |   28778 |   0.0 |       0 |      80 |   0.0 |  2571
      Shoals:1 |       0 |   13943 |   0.0 |       0 |      24 |   0.0 |  1656
      Shoals:2 |       0 |    9960 |   0.0 |       0 |      25 |   0.0 |  1493
      Shoals:3 |       0 |   11622 |   0.0 |       0 |      25 |   0.0 |  2252
      Shoals:4 |       0 |   42521 |   0.0 |       0 |      74 |   0.0 |  2678
      Spider:1 |       0 |   16793 |   0.0 |       0 |      57 |   0.0 |  1962
      Spider:2 |       0 |   16078 |   0.0 |       0 |      31 |   0.0 |  1501
      Spider:3 |       0 |   17895 |   0.0 |       0 |      51 |   0.0 |  1986
      Spider:4 |       0 |   38331 |   0.0 |       0 |      90 |   0.0 |  3958
       Slime:1 |       0 |    1893 |   0.0 |       0 |       5 |   0.0 |    17
         Orc:1 |       0 |    1268 |   0.0 |       0 |      18 |   0.0 |   821
         Orc:2 |       0 |   22014 |   0.0 |       0 |      66 |   0.0 |  2118
         Elf:1 |       0 |   17380 |   0.0 |       0 |      29 |   0.0 |  1363
      Vaults:1 |       0 |   70903 |   0.0 |       0 |     135 |   0.0 |  1983
      Vaults:2 |       0 |   80723 |   0.0 |       0 |     112 |   0.0 |  2480
      Vaults:3 |       0 |   64541 |   0.0 |       0 |     104 |   0.0 |  1590
      Vaults:4 |       0 |   68859 |   0.0 |       0 |     123 |   0.0 |  2678
      Vaults:5 |       0 |  124628 |   0.0 |       0 |     130 |   0.0 |  1807
      Depths:1 |       0 |   43134 |   0.0 |       0 |      55 |   0.0 |  2982
      Depths:2 |       0 |   78025 |   0.0 |       0 |      86 |   0.0 |  2944
      Depths:3 |       0 |   99386 |   0.0 |       0 |      86 |   0.0 |  2817
      Depths:4 |       0 |   54347 |   0.0 |       0 |      55 |   0.0 |  2586
      Depths:5 |       0 |   91172 |   0.0 |       0 |      90 |   0.0 |  2555
        Bailey |       0 |    4024 |   0.0 |       0 |      69 |   0.0 |  1624
         IceCv |       0 |    9661 |   0.0 |       0 |      36 |   0.0 |  1260
       Volcano |       0 |    6719 |   0.0 |       0 |       7 |   0.0 |   343
               +---------+---------+-------+---------+---------+-------+---------
